 Dungeon Crawl Stone Soup version 0.31-a0-188-g5e087ee2ca (webtiles) character file.

Game seed: 12338702287121953106

56 qw the Shooter (level 3, 0/20 HPs)
             Began as a Deep Elf Hunter on June 22, 2023.
             Slain by Robin
             ... wielding a +2 heavy spear
              (10 damage)
             ... on level 2 of the Dungeon.
             The game lasted 00:00:23 (993 turns).

qw the Shooter (Deep Elf Hunter)                     Turns: 993, Time: 00:00:23

Health: 0/20       AC:  9    Str: 10    XL:     3   Next: 71%
Magic:  5/5        EV: 11    Int: 13    God:
Gold:   42         SH:  0    Dex: 18    Spells: 2/2 levels left

rFire   . . .        Y - +0 shortbow (freeze)
rCold   . . .        (shield currently unavailable)
rNeg    . . .        h - +0 ring mail
rPois   .            (no helmet)
rElec   .            i - +0 cloak
rCorr   .            d - +2 pair of gloves
SInv    .            (no boots)
Will    .....        (no amulet)
Stlth   +            (no ring)
HPRegen 0.23/turn    (no ring)
MPRegen 0.09/turn

%: no passive effects
@: no status effects
A: no striking features
a: no special abilities


You were on level 2 of the Dungeon.
You visited 1 branch of the dungeon, and saw 2 of its levels.

You collected 42 gold pieces.


   Skills:
 - Level 1.5 Fighting
 + Level 7.2 Ranged Weapons
 - Level 2.4 Dodging
 - Level 1.2 Stealth


You had 2 spell levels left.
You didn't know any spells.
Your spell library was empty.

Inventory:

Hand Weapons
 Y - a +0 shortbow of freezing (weapon)
Armour
 b - a +2 cloak
 d - a +2 pair of gloves (worn)
 h - a +0 ring mail (worn)
 i - a +0 cloak (worn)
Scrolls
 a - a scroll of teleportation {unknown}

Dungeon Overview and Level Annotations

Branches:
Dungeon (2/15)

Altars:

Annotations:
D:2 Robin


Message History

You kill the hobgoblin!
The goblin hits you but does no damage.
You shoot an arrow. The arrow hits the hobgoblin!
The arrow freezes the hobgoblin.
You kill the hobgoblin!
The goblin barely misses you.
You shoot an arrow. The arrow hits the goblin.
The arrow freezes the goblin.
You kill the goblin!
The goblin no longer looks unusually strong.
Robin hits you from afar with a +2 heavy spear.
The goblin hits you with a +0 dagger. The goblin completely misses you.
The goblin hits you with a +0 dagger.
986 ||| DRINKING potion of heal wounds.
You feel much better. The goblin barely misses you.
The goblin hits you but does no damage.
You shoot an arrow. The arrow hits the goblin.
The arrow freezes the goblin.
The goblin is heavily wounded.
The goblin no longer looks unusually strong. x2
The goblin barely misses you. x2
You shoot an arrow. The arrow closely misses the goblin.
The arrow barely misses the goblin.
The goblin misses you. The goblin hits you but does no damage.
You shoot an arrow. The arrow hits the goblin.
The arrow freezes the goblin.
You kill the goblin!
Robin barely misses you. The goblin hits you but does no damage.
You shoot an arrow. The arrow hits the goblin!
The arrow freezes the goblin.
You kill the goblin!
The goblin barely misses you. Robin hits you but does no damage.
You shoot an arrow. The arrow closely misses the goblin.
The goblin hits you with a +0 dagger.
Robin hits you from afar with a +2 heavy spear!
The goblin hits you but does no damage.
You shoot an arrow. The arrow closely misses the goblin.
The goblin hits you but does no damage.
Robin roars a battlecry!
The goblin goes into a battle-frenzy!
You shoot an arrow. The arrow hits the goblin.
The arrow freezes the goblin.
You kill the goblin!
Robin hits you from afar with a +2 heavy spear!
Ouch! That really hurt!
You die...

#.#...)..#
#.#......#
#.########
#...####
###....#
####.###
#...##
###..###
##.)@#
###)# .)g
....#
#....#
#....#
######


You could see Robin.

Vanquished Creatures
  An adder (D:2)
  2 dart slugs (D:1)
  3 bats (D:1)
  An endoplasm (D:1)
  A giant cockroach (D:1)
  10 goblins
  9 hobgoblins
  A quokka (D:1)
  5 frilled lizards (D:1)
  3 kobolds
  3 rats
39 creatures vanquished.

Notes
Turn   | Place    | Note
-------+----------+-------------------------------------------
     0 | D:1      | qw the Deep Elf Hunter began the quest for the Orb.
     0 | D:1      | Reached XP level 1. HP: 12/12 MP: 3/3
     0 | D:1      | 0 ||| qw: Version: 0.3-a-9-g12657ce
     0 | D:1      | 0 ||| qw: Game counter: 2831
     0 | D:1      | 0 ||| qw: Always use a shield: true
     0 | D:1      | 0 ||| qw: God list: Okawaru
     0 | D:1      | 0 ||| qw: Allow faded altars: false
     0 | D:1      | 0 ||| qw: Do Orc after D:15 true
     0 | D:1      | 0 ||| qw: Do second Lair branch before Depths: true
     0 | D:1      | 0 ||| qw: Lair rune preference: random
     0 | D:1      | 0 ||| qw: Plans: Normal
     0 | D:1      | 0 ||| PLANNING D:1-11
    41 | D:1      | Reached XP level 2. HP: 13/16 MP: 4/4
    41 | D:1      | 41 ||| FLEEEEING.
    43 | D:1      | Reached skill level 6 in Ranged Weapons
    61 | D:1      | Found a faded altar of an unknown god.
   555 | D:1      | Reached XP level 3. HP: 20/20 MP: 5/5
   811 | D:1      | 811 ||| UPGRADING to +2 pair of gloves.
   816 | D:1      | 816 ||| UPGRADING to +0 ring mail.
   826 | D:1      | 826 ||| DROPPING +0 leather armour.
   827 | D:1      | 827 ||| UPGRADING to +0 cloak.
   832 | D:1      | 832 ||| READING scroll labelled GEWAW LAOR SIQ.
   833 | D:1      | 833 ||| DRINKING 2 viscous cyan potions.
   834 | D:1      | 834 ||| DRINKING 2 coppery potions.
   835 | D:1      | 835 ||| DROPPING scroll of butterflies.
   836 | D:1      | 836 ||| DROPPING potion of invisibility.
   972 | D:2      | Noticed Robin
   977 | D:2      | Reached skill level 7 in Ranged Weapons
   985 | D:2      | HP: 5/20 [goblin/+0 dagger[Robin] (2)]
   986 | D:2      | 986 ||| DRINKING potion of heal wounds.
   993 | D:2      | Slain by Robin

Levels and vault maps discovered:
D:1:      sevenhm_arrival_forest_fort_small_6, layout_basic,
          hellmonk_ecumenical_altar_crossroads
D:2:      layout_basic, uniq_sigmund, uniq_robin

Skill      XL: |  1  2  3 |
---------------+----------+-----
Ranged Weapons | 6 7 |  7.2
Fighting       | |  1.5
Dodging        | |  2.4
Stealth        | |  1.2

Action                     || total
---------------------------++-------
   Fire: Shortbow          ||    94
    Use: Potion            ||     3
         Scroll            ||     1
 Armour: Leather armour    ||     3
         Ring mail         ||    19
  Dodge: Dodged            ||    31

Table legend:
 A = Non-vault XP
 B = Vault XP
 C = Vault XP percentage of total XP
 D = Non-vault monster count
 E = Vault monster count
 F = Vault count percentage of total count
                 A         B        C        D         E       F
            +---------+---------+-------+---------+---------+-------
      Total |      59 |      24 |  28.9 |      27 |      12 |  30.8
            +---------+---------+-------+---------+---------+-------
        D:1 |      41 |       0 |   0.0 |      23 |       0 |   0.0
        D:2 |      18 |      24 |  57.1 |       4 |      12 |  75.0
            +---------+---------+-------+---------+---------+-------
